 Dungeon Crawl Stone Soup version 0.29-a0-298-g3c90f9a769 (webtiles) character file.

Game seed: 16707692528181469440

91432 tilp the Destroyer (level 15, -6/72 HPs)
             Began as a Felid Ice Elementalist on Mar 22, 2022.
             Was the Champion of Vehumet.
             Engulfed by a cloud of freezing vapour (17 damage)
             ... on level 3 of the Snake Pit on Mar 23, 2022.
             The game lasted 01:44:33 (52618 turns).

tilp the Destroyer (Felid Ice Elementalist)        Turns: 52618, Time: 01:44:34

Health: -6/72      AC: 13    Str:  4    XL:     15   Next: 55%
Magic:  16/41      EV: 25    Int: 23    God:    Vehumet [******]
Gold:   1210       SH:  0    Dex: 25    Spells: 4/39 levels left
                                        Lives:  0   Deaths: 4

rFire   . . .      SeeInvis +     - Unarmed
rCold   . . .      Faith    +   (shield unavailable)
rNeg    + + .      Spirit   .   (body armour unavailable)
rPois   +          Reflect  .   (helmet unavailable)
rElec   +          Harm     .   (cloak unavailable)
rCorr   .          Rampage  .   (gloves unavailable)
Will    +++++                   (boots unavailable)
Stlth   +++++.....              x - amulet of faith
HPRegen 0.22/turn               E - ring "Wamma Yha" {+Blink rPois Will+ MP+9 Dex+7}
MPRegen 0.27/turn               L - ring of Gin and Tonic {rElec rC- rN++ Will+++ Slay+4}

@: lethally poisoned (-6 -> -11), ice-armoured, studying Spellcasting, quick
A: very small, claws 1, fangs 3, see invisible, speed 1, shaggy fur 3, stealthy
paws, no weapons or thrown items, no armour, multi-lived
a: Renounce Religion, Evoke Blink


You were on level 3 of the Snake Pit.
You worshipped Vehumet.
Vehumet was exalted by your worship.
You visited 5 branches of the dungeon, and saw 27 of its levels.
You also visited: Bailey and Ice Cave.

You collected 4493 gold pieces.
You spent 3283 gold pieces at shops.

Inventory:

Jewellery
 b - a ring of fire
 h - a ring of ice
 v - a +6 ring of strength
 w - a ring of resist corrosion
 x - an amulet of faith (around neck)
 z - a ring of fire
 B - a ring of flight
 C - a ring of positive energy
 D - an amulet of the acrobat
 E - the ring "Wamma Yha" (left paw) {+Blink rPois Will+ MP+9 Dex+7}
   (You bought it in a shop on level 1 of the Dungeon)

   [ring of willpower]

   Dex:       It affects your dexterity (+7).
   rPois:     It protects you from poison.
   MP:        It affects your magic capacity (+9).
   +Blink:    It lets you blink.
   Will:      It increases your willpower.
 I - the amulet "Toboamy" {RegenMP Int+3}
   (You took it off a gnoll sergeant on level 7 of the Dungeon)

   [amulet of magic regeneration]

   It increases your rate of magic regeneration.
   Int:       It affects your intelligence (+3).
 K - a ring of protection from fire
 L - the ring of Gin and Tonic (right paw) {rElec rC- rN++ Will+++ Slay+4}
   (You bought it in a shop on level 4 of the Dungeon)

   [ring of slaying]

   Slay:      It affects your accuracy & damage with ranged weapons and melee
   (+4).
   rC:        It makes you vulnerable to cold.
   rElec:     It insulates you from electricity.
   rN:        It greatly protects you from negative energy.
   Will:      It greatly increases your willpower.
Wands
 p - a wand of iceblast (27)
 s - a wand of paralysis (5)
 t - a wand of flame (29)
 y - a wand of charming (3)
 F - a wand of polymorph (19)
 G - a wand of acid (14)
 N - a wand of mindburst (9)
 O - a wand of digging (14)
Scrolls
 j - 4 scrolls of immolation
 l - 6 scrolls of teleportation
 o - 3 scrolls of fear
 r - a scroll of silence
 J - a scroll of vulnerability
 Q - a scroll of fog
Potions
 a - 3 potions of magic
 c - 7 potions of might
 d - 2 potions of lignification
 e - 5 potions of mutation
 f - 5 potions of attraction
 g - 9 potions of curing
 i - 3 potions of invisibility
 k - a potion of heal wounds
 m - 4 potions of berserk rage
 n - 3 potions of flight
 q - 2 potions of resistance
 u - 3 potions of haste
 M - a potion of cancellation
Miscellaneous
 A - a piece from Xom's chessboard (15/15)
 P - a condenser vane


   Skills:
 - Level 12.0 Fighting
 - Level 8.0 Dodging
 - Level 10.0 Stealth
 - Level 6.0 Unarmed Combat
 + Level 12.6 Spellcasting
 * Level 13.5 Conjurations
 - Level 4.0 Translocations
 - Level 13.0 Ice Magic
 + Level 4.7 Air Magic
 + Level 6.1 Earth Magic
 - Level 10.5 Evocations


You had 4 spell levels left.
You knew the following spells:

 Your Spells              Type           Power      Damage    Failure   Level
a - Freeze                Ice            100%       1d11      0%          1
b - Frozen Ramparts       Ice            100%       1d12      1%          3
c - Ozocubu's Armour      Ice            65%        N/A       1%          3
d - Hailstorm             Conj/Ice       66%        3d14      1%          4
e - Iskenderun's Mystic   Conj/Tloc      53%        2d11      1%          4
f - Blink                 Tloc           64%        N/A       1%          2
g - Iron Shot             Conj/Erth      28%        9d6       3%          6
h - Freezing Cloud        Conj/Ice/Air   29%        6-21      1%          5
i - Orb of Destruction    Conj           33%        9d10      4%          7

Your spell library contained the following spells:

 Spells                   Type           Power      Damage    Failure   Level
 Conjure Ball Lightning   Conj/Air       27%        3x3d8     4%          6
 Magic Dart               Conj           100%       1d8       0%          1
 Apportation              Tloc           64%        N/A       1%          1
 Foxfire                  Conj/Fire      100%       2x1d9     1%          1
 Poisonous Vapours        Pois/Air       50%        N/A       1%          2
 Searing Ray              Conj           100%       2d8       1%          2
 Fulminant Prism          Conj/Hex       22%        3d13      1%          4
 Corpse Rot               Necr/Air       50%        N/A       2%          2
 Lesser Beckoning         Tloc           32%        N/A       2%          3
 Inner Flame              Hex/Fire       14%        N/A       3%          3
 Ice Form                 Ice/Tmut       44%        N/A       3%          4
 Pain                     Necr           56%        1d6       4%          1
 Leda's Liquefaction      Hex/Erth       14%        N/A       12%         4
 Call Canine Familiar     Summ           14%        N/A       13%         3
 Confusing Touch          Hex            14%        N/A       13%         3
 Cause Fear               Hex            7%         N/A       38%         4
 Irradiate                Conj/Tmut      22%        3d21      2%          5
 Manifold Assault         Tloc           32%        N/A       22%         5
 Yara's Violent Unravell  Hex/Tmut       7%         3d5       28%         5
 Borgnjor's Vile Clutch   Necr/Erth      14%        N/A       34%         5
 Simulacrum               Ice/Necr       22%        N/A       41%         6
 Agony                    Necr           14%        N/A       75%         5
 Alistair's Intoxication  Tmut/Pois      9%         N/A       75%         5
 Blade Hands              Tmut           7%         N/A       75%         5
 Eringya's Noxious Bog    Tmut/Pois      7%         N/A       82%         6
 Dragon Form              Tmut           7%         N/A       100%        7
 Enfeeble                 Hex            7%         N/A       100%        7
 Discord                  Hex            7%         N/A       100%        8
 Chain Lightning          Conj/Air       27%        3d36      100%        9
 Dragon's Call            Summ           7%         N/A       100%        9
 Fire Storm               Conj/Fire      22%        8d6       100%        9
 Portal Projectile        Hex/Tloc       Unusable   N/A       N/A         3
 Excruciating Wounds      Necr           Unusable   N/A       N/A         5

Dungeon Overview and Level Annotations

Branches:
Dungeon (15/15)            Temple (1/1) D:4            Lair (6/6) D:10
  Swamp (0/4) Lair:3        Snake (3/4) Lair:4        Slime (0/5) Lair:6
    Orc (2/2) D:9             Elf (0/3) Orc:2        Vaults (0/5) D:14
 Depths (0/4) D:15         Bailey (visited)           IceCv (visited)

Altars:
Ashenzari
Cheibriados
Dithmenos
Elyvilon
Fedhas
Gozag
Hepliaklqana
Kikubaaqudgha
Makhleb
Nemelex Xobeh
Okawaru
Qazlal
Ru
Sif Muna
Trog
Uskayaw
Vehumet
Wu Jian
Xom
Yredelemnul
Zin
The Shining One
Beogh
Lugonu

Shops:
D:1 =   D:2 !   D:4 ==   D:13 :   D:14 *   D:15 *   Orc:2 ([*:

Annotations:
Lair:2 3 runed translucent doors, Deqi's ghost, journeyman GrFi; Dialam's ghost, journeyman OpFi; Hudyte's ghost, journeyman DEEE; Siem's ghost, journeyman OpCj
Lair:3 1 runed translucent door, qborf's ghost, journeyman NaIE
Lair:4 2 transporters, exclusions: boulder beetle and oklob plant
Lair:6 hell ending (unfinished), exclusion: 3 doors
Orc:2 1 runed translucent door, qborf's ghost, adept DjFi


Innate Abilities, Weirdness & Mutations

You have sharp claws.
You have razor-sharp teeth.
You have supernaturally acute eyesight. (SInv)
You cover ground quickly. (Speed+)
Your thick and shaggy fur keeps you warm. (AC +3, rC+)
Your paws help you pounce on unaware monsters.
You are incapable of wielding weapons or throwing items.
You cannot wear armour.
You gain extra lives every three experience levels.


Message History

Press: ? - help, Dir - look around, f - activate A cannonade of hail descends around you!
The hail pelts the naga warrior!!
You kill the naga warrior!
Vehumet accepts your kill.
You feel your power returning.
The hail pelts the black mamba!!
The black mamba is almost dead.
The hail pelts the naga ritualist!
The naga ritualist is severely wounded.
The hail pelts the anaconda!!
The anaconda is almost dead.
You are engulfed in freezing vapours.
* * * LOW HITPOINT WARNING * * *
The anaconda is engulfed in freezing vapours.
The anaconda seems to slow down.
You kill the anaconda!
Vehumet accepts your kill.
You feel your power returning.
The naga ritualist is engulfed in freezing vapours.
The naga ritualist prays to its god.
The naga ritualist begins to radiate toxic energy.
You are poisoned.
The black mamba is engulfed in freezing vapours.
The black mamba seems to slow down.
Unknown command.
Unknown command.
Unknown command.
Casting: Hailstorm (safe; 1% risk of failure)
Confirm with . or Enter, or press ? or * to list all spells.
Casting: Hailstorm (safe; 1% risk of failure)
Press: ? - help, Dir - look around, f - activate A cannonade of hail descends around you!
The hail pelts the black mamba.
You kill the black mamba!
Vehumet accepts your kill.
You feel your power returning.
The hail pelts the naga ritualist!
You kill the naga ritualist!
Vehumet accepts your kill.
You feel your power returning.
You are engulfed in freezing vapours.
You die...

##.?..#..............
#.....#..............
#.....#.#...........#
#.....#.##..........
##......# #......
##.......# ...§§§§
#.......###§§§☼§§.
#....###..#§§§§§§.
#....# #.#@§§§§§..
)#... #.§§§.§§§§§#
##.. #.§§#..§§##. ##
...§§##..#...
#......# ....#.
#......# .....
#......# .....
....... ..=#.


There were no monsters in sight!

Vanquished Creatures
  A fire giant (D:15)
  2 orc warlords
  A dire elephant (Lair:6)
  A fire dragon (D:15)
  The ghost of bl3nd3r the Cleaver, a journeyman MiBe of Trog (D:11)
  3 boulder beetles
  7 naga warriors
  4 caustic shrike simulacra (IceCv)
  2 ogre magi
  Fannar (Lair:2)
  A catoblepas (Lair:5)
  2 vault guards (D:14)
  7 hydras
  3 centaur warriors
  A death knight (D:11)
  6 two-headed ogres
  4 anacondas
  A tengu warrior (D:11)
  2 death yaks
  4 orc high priests (Orc:2)
  6 shock serpents
  4 naga sharpshooters
  A skeletal warrior (D:11)
  The ghost of epen the Covert, a novice GnBr of Cheibriados (D:7)
  A salamander mystic (Snake:2)
  2 naga ritualists
  2 spriggan simulacra (IceCv)
  Pikel (D:9)
  A bog body (Lair:3)
  A necromancer (IceCv)
  5 mana vipers
  An oklob plant (Lair:1)
  6 orc knights
  10 orc sorcerers
  4 salamanders
  6 ugly things (D:14)
  3 deep elf pyromancers
  2 manticores (D:11)
  3 cyclopes
  8 elephants
  9 naga magi (Snake:1)
  20 black mambas
  2 guardian serpents (Snake:1)
  11 cane toads
  3 kobold demonologists
  3 rime drakes (Lair:6)
  Psyche (D:9)
  6 komodo dragons
  3 unseen horrors (D:12)
  2 yaktaurs (D:14)
  16 freezing wraiths
  A tengu conjurer (D:14)
  A golden dragon simulacrum (IceCv)
  2 entropy weaver simulacra (IceCv)
  An efreet (D:11)
  4 trolls
  4 anaconda simulacra (IceCv)
  A meliai (D:11)
  A hornet (D:11)
  2 polar bears (Lair:5)
  6 dream sheep (Lair:6)
  17 slime creatures
  18 blink frogs
  A shadow (D:11)
  A hog (shapeshifter) (D:15)
  A vampire (D:11)
  7 wyverns
  2 dire elephant simulacra (IceCv)
  47 yaks
  5 humans
  2 wraiths
  2 steam dragons
  Grum (D:7)
  4 basilisks
  6 vampire mosquitoes (D:12)
  A redback (shapeshifter) (D:14)
  3 swamp worms (Lair:3)
  3 wargs (Orc:1)
  19 nagas
  A harpy simulacrum (IceCv)
  32 water moccasins
  3 black bears (D:10)
  2 ice beasts (D:7)
  An ettin simulacrum (IceCv)
  3 alligator simulacra (IceCv)
  42 orc warriors
  A sky beast (D:6)
  8 ogres
  6 centaurs
  16 wolves
  2 lemures (D:9)
  5 kobold brigands
  3 gnoll sergeants
  23 bullfrogs
  A necrophage (D:6)
  2 deep troll simulacra (IceCv)
  3 scorpions
  10 wights
  2 lindwurm simulacra (IceCv)
  6 killer bees (D:7)
  2 electric eels
  3 howler monkeys
  4 hounds
  18 orc priests
  3 gnoll shamans
  3 iguanas
  Ijyb (D:4)
  25 orc wizards
  6 adders
  20 gnolls
  A shadow imp (D:6)
  2 white imps
  An ufetubus (D:4)
  2 worms
  A dart slug (D:3)
  70 orcs
  3 ball pythons
  An endoplasm (D:1)
  6 giant cockroaches
  4 goblins
  6 hobgoblins
  14 jackals
  2 quokkas
  4 bats
  2 frilled lizards
  21 kobolds
  5 rats
  3 bushes (Lair:1)
  A butterfly (Lair:4)
767 creatures vanquished.

Vanquished Creatures (others)
  A quokka (D:9)
  55 fungi
  74 plants
  2 withered plants (Lair:2)
132 creatures vanquished.

Grand Total: 899 creatures vanquished

Notes
Turn   | Place    | Note
-------+----------+-------------------------------------------
     0 | D:1      | tilp the Felid Ice Elementalist began the quest for the
                  | Orb.
     0 | D:1      | Reached XP level 1. HP: 7/7 MP: 4/4
   177 | D:1      | Reached XP level 2. HP: 3/12 MP: 3/6
   854 | D:1      | Reached skill level 1 in Fighting
  1023 | D:1      | Found Xogaxaa's Jewellery Emporium.
  1401 | D:1      | Reached XP level 3. HP: 15/15 MP: 3/7
  1405 | D:1      | Learned a level 3 spell: Frozen Ramparts
  2109 | D:2      | Found Veggargh's Distillery.
  2398 | D:2      | Learned a level 3 spell: Ozocubu's Armour
  2439 | D:2      | Reached XP level 4. HP: 19/19 MP: 0/8
  3062 | D:3      | Found a bloodstained altar of Trog.
  3668 | D:3      | Noticed a scorpion
  3680 | D:3      | Killed a scorpion
  3681 | D:3      | Reached skill level 5 in Ice Magic
  3681 | D:3      | Reached XP level 5. HP: 14/22 MP: 0/10
  4140 | D:3      | Found a faded altar of an unknown god.
  4140 | D:3      | Noticed a chaos spawn
  4328 | D:4      | Noticed a torpor snail
  4330 | D:4      | Found a snail-covered altar of Cheibriados.
  4330 | D:4      | Noticed a torpor snail
  4332 | D:4      | Noticed a torpor snail
  4335 | D:4      | Noticed Ijyb
  4374 | D:4      | Paralysed by Ijyb for 4 turns
  4377 | D:4      | Killed Ijyb
  4506 | D:4      | Found a glowing golden altar of the Shining One.
  4798 | D:4      | Found a staircase to the Ecumenical Temple.
  4853 | D:4      | Found Zokkot's Jewellery Boutique.
  4907 | Temple   | Entered the Ecumenical Temple
  4939 | Temple   | Became a worshipper of Vehumet
  5046 | D:4      | Found Leczip's Jewellery Shop.
  5058 | D:4      | Found a broken altar of Ashenzari.
  5568 | D:5      | Entered Level 5 of the Dungeon
  5618 | D:5      | Mangled by a gnoll sergeant
  5619 | D:5      | Reached XP level 4. HP: -7/19 MP: 4/9
  5619 | D:5      | Found a shimmering blue altar of Sif Muna.
  6273 | D:5      | Reached XP level 5. HP: 4/22 MP: 1/10
  6866 | D:5      | Gained mutation: You are covered in thick fur. (AC +2)
                  | [Felid growth]
  6866 | D:5      | Reached XP level 6. HP: 27/27 MP: 4/11
  6876 | D:5      | Reached skill level 1 in Unarmed Combat
  6876 | D:5      | Reached skill level 1 in Evocations
  7646 | D:6      | Found a sacrificial altar of Ru.
  7908 | D:6      | Noticed a sky beast
  7913 | D:6      | Killed a sky beast
  7914 | D:6      | Reached XP level 7. HP: 31/31 MP: 2/12
  8025 | D:6      | Noticed a +0 dagger
  8025 | D:6      | Noticed a +0 dagger
  8026 | D:6      | Found a hide-covered altar of Uskayaw.
  8119 | D:6      | Identified the +5 hunting sling of Juquum {flame, rCorr
                  | Int+2 Dex-4 SInv}
  8184 | D:6      | Learned a level 4 spell: Hailstorm
  8564 | D:7      | Noticed a two-headed ogre
  8791 | D:7      | Found a transporter.
  8791 | D:7      | Found a transporter.
  8794 | D:7      | Identified the +0 kite shield of Inevitability {rC+ Str+3
                  | Dex-5}
  8838 | D:7      | Found an ancient bone altar of Kikubaaqudgha.
  8938 | D:7      | Reached skill level 5 in Stealth
  9084 | D:7      | Noticed a wyvern
  9094 | D:7      | Killed a wyvern
  9095 | D:7      | Reached XP level 8. HP: 10/36 MP: 2/13
  9419 | D:7      | Reached * piety under Vehumet
  9419 | D:7      | Offered knowledge of Magic Dart by Vehumet.
  9423 | D:7      | Reached skill level 1 in Conjurations
  9729 | D:7      | Found an iron altar of Okawaru.
  9894 | D:7      | Found a hazy altar of Hepliaklqana.
  9986 | D:7      | Identified the amulet "Toboamy" {RegenMP Int+3}
  9998 | D:7      | Noticed Grum
 10468 | D:7      | Killed a two-headed ogre
 10469 | D:7      | Reached XP level 9. HP: 39/39 MP: 0/16
 10596 | D:7      | Noticed epen's ghost (novice GnBr)
 10708 | D:7      | Reached skill level 5 in Conjurations
 11373 | D:7      | Learned a level 2 spell: Blink
 11551 | D:8      | Reached skill level 5 in Spellcasting
 11564 | D:8      | Found a blossoming altar of Fedhas.
 11600 | D:8      | Found a flagged portal.
 11613 | Bailey   | Entered a bailey
 12380 | Bailey   | Noticed a vault guard
 12491 | D:8      | Reached XP level 10. HP: 42/42 MP: 7/18
 12712 | D:8      | Offered knowledge of Searing Ray by Vehumet.
 12715 | D:8      | Reached ** piety under Vehumet
 13871 | D:9      | Noticed Pikel
 13903 | D:9      | Killed Pikel
 14049 | D:9      | Reached skill level 5 in Fighting
 14340 | D:9      | Noticed Psyche
 14344 | D:9      | Killed Psyche
 14345 | D:9      | Reached skill level 5 in Dodging
 14400 | D:9      | Got Cerebov's Papyrus of Combat Magic
 14557 | D:9      | Found a staircase to the Orcish Mines.
 14648 | D:9      | Found a white marble altar of Elyvilon.
 14732 | D:9      | Identified the +0 plate armour of Spite {Int+6}
 15183 | D:10     | Entered Level 10 of the Dungeon
 15628 | D:10     | Found a shimmering altar of Xom.
 15642 | D:10     | Reached skill level 1 in Translocations
 15747 | D:10     | Offered knowledge of Ignite Poison by Vehumet.
 15963 | D:10     | Reached XP level 11. HP: 48/48 MP: 0/19
 16592 | D:10     | Found a staircase to the Lair.
 16784 | D:10     | Found a burning altar of Makhleb.
 17012 | D:11     | Noticed a two-headed ogre
 17016 | D:11     | Killed a two-headed ogre
 17016 | D:11     | Reached *** piety under Vehumet
 17550 | D:11     | Noticed a two-headed ogre
 17568 | D:11     | Killed a two-headed ogre
 17569 | D:11     | Reached skill level 5 in Evocations
 18391 | D:1      | Bought the ring "Wamma Yha" {+Blink rPois Will+ MP+9 Dex+7}
                  | for 768 gold pieces
 18625 | D:11     | Found a runed translucent gate.
 18626 | D:11     | Found a runed translucent gate.
 18626 | D:11     | Found a runed translucent gate.
 18628 | D:11     | Noticed bl3nd3r's ghost (journeyman MiBe)
 19088 | Lair:1   | Entered Level 1 of the Lair of Beasts
 19113 | Lair:1   | Noticed an oklob plant
 19387 | Lair:1   | Noticed Fannar
 19632 | Lair:1   | Offered knowledge of Inner Flame by Vehumet.
 19739 | Lair:1   | Demolished by a cane toad
 19740 | Lair:1   | Reached XP level 10. HP: -14/46 MP: 24/28
 19792 | Lair:1   | Killed a cane toad
 20245 | Lair:2   | Noticed a black mamba
 20254 | Lair:2   | Killed a black mamba
 20407 | Lair:2   | Reached XP level 11. HP: 30/50 MP: 18/21
 21184 | Lair:2   | Reached skill level 10 in Conjurations
 21184 | Lair:2   | Reached skill level 10 in Ice Magic
 21184 | Lair:2   | Gained mutation: Your thick and shaggy fur keeps you warm.
                  | (AC +3, rC+) [Felid growth]
 21184 | Lair:2   | Reached XP level 12. HP: 55/55 MP: 22/23
 21309 | Lair:2   | Reached **** piety under Vehumet
 21340 | Lair:2   | Killed Fannar
 21492 | Lair:2   | Found a runed translucent gate.
 21492 | Lair:2   | Found a runed translucent gate.
 21492 | Lair:2   | Found a runed translucent gate.
 21496 | Lair:2   | Noticed Siem's ghost (journeyman OpCj)
 21497 | Lair:2   | Noticed Hudyte's ghost (journeyman DEEE)
 21497 | Lair:2   | Found the +10 zealot's sword {holy, *Rage rN+ EV+3}
 21498 | Lair:2   | Noticed Dialam's ghost (journeyman OpFi)
 21500 | Lair:2   | Noticed Deqi's ghost (journeyman GrFi)
 21784 | Lair:2   | Offered knowledge of Iskenderun's Mystic Blast by Vehumet.
 22345 | Lair:3   | Learned a level 4 spell: Iskenderun's Mystic Blast
 22539 | Lair:3   | Found a runed translucent door.
 22543 | Lair:3   | Identified the +12 trident of the Shore {vorpal, *Noise
                  | rElec Int+4 Dex+6}
 22543 | Lair:3   | Noticed qborf's ghost (journeyman NaIE)
 22944 | Lair:3   | Slain by an elephant
 22945 | Lair:3   | Reached XP level 11. HP: 0/52 MP: 12/32
 23582 | Lair:3   | Noticed a bog body
 23922 | Lair:3   | Killed a bog body
 23923 | Lair:3   | Reached XP level 12. HP: 46/57 MP: 20/24
 23982 | Lair:3   | Found a staircase to the Swamp.
 24331 | Lair:3   | Identified a scroll of acquirement
 24331 | Lair:3   | Acquired 486 gold pieces
 24376 | Lair:4   | Found a transporter.
 24417 | Lair:4   | Noticed a boulder beetle
 24688 | Lair:4   | Found a staircase to the Snake Pit.
 24804 | Lair:4   | Noticed a seven-headed hydra
 24816 | Lair:4   | Killed a seven-headed hydra
 25116 | Lair:4   | Reached ***** piety under Vehumet
 25310 | Lair:4   | Found a transporter.
 25770 | Lair:5   | Offered knowledge of Iron Shot by Vehumet.
 25778 | Lair:5   | Learned a level 6 spell: Iron Shot
 25958 | Lair:5   | Noticed a catoblepas
 26422 | Lair:5   | Killed a catoblepas
 26423 | Lair:5   | Reached skill level 1 in Earth Magic
 26425 | Lair:5   | Noticed a death yak
 26732 | Lair:5   | Noticed a six-headed hydra
 26742 | Lair:5   | Killed a six-headed hydra
 27258 | Lair:5   | Killed a death yak
 27832 | D:7      | Killed Grum
 27993 | D:7      | Killed epen's ghost
 28319 | Lair:6   | Entered Level 6 of the Lair of Beasts
 28597 | Lair:6   | Reached XP level 13. HP: 61/61 MP: 26/26
 28929 | Lair:6   | Reached skill level 10 in Fighting
 29777 | Lair:6   | Noticed a dire elephant
 29845 | Lair:6   | Killed a dire elephant
 30039 | Lair:6   | Found a staircase to the Slime Pits.
 30399 | Lair:6   | Offered knowledge of Starburst by Vehumet.
 31077 | Orc:1    | Entered Level 1 of the Orcish Mines
 31082 | Orc:1    | Noticed an orc warlord
 31093 | Orc:1    | Reached skill level 10 in Spellcasting
 31102 | Orc:1    | Killed an orc warlord
 32355 | D:4      | Bought the ring of Gin and Tonic {rElec rC- rN++ Will+++
                  | Slay+4} for 1151 gold pieces
 32512 | Orc:2    | Entered Level 2 of the Orcish Mines
 32578 | Orc:2    | Found a staircase to the Elven Halls.
 32791 | Orc:2    | Noticed qborf's ghost (adept DjFi)
 32796 | Orc:2    | Found a runed translucent door.
 33583 | Orc:2    | Offered knowledge of Freezing Cloud by Vehumet.
 33712 | Orc:2    | Learned a level 5 spell: Freezing Cloud
 34236 | Orc:2    | Reached XP level 14. HP: 66/66 MP: 21/30
 34568 | Orc:2    | Reached skill level 1 in Air Magic
 35211 | Orc:2    | Noticed an orc warlord
 35313 | Orc:2    | Killed an orc warlord
 36185 | Orc:2    | Offered knowledge of Spellforged Servitor by Vehumet.
 36212 | Orc:2    | Found Laujott's Antique Armour Emporium.
 36213 | Orc:2    | Found Pueruah's Antique Weapon Emporium.
 36215 | Orc:2    | Found Xeleoth's General Store.
 36215 | Orc:2    | Found Vepsyt's Book Shoppe.
 36263 | Orc:2    | Bought a scroll of acquirement for 832 gold pieces
 36263 | Orc:2    | Acquired 931 gold pieces
 36519 | D:2      | Bought a potion of cancellation for 80 gold pieces
 36993 | D:12     | Reached skill level 5 in Unarmed Combat
 38266 | D:13     | You fall into a shaft and drop 2 floors!
 38266 | D:15     | Entered Level 15 of the Dungeon
 38320 | D:14     | Found a frozen archway.
 38459 | IceCv    | Entered an ice cave
 40760 | IceCv    | Reached skill level 10 in Stealth
 41889 | IceCv    | Found an ancient bone altar of Kikubaaqudgha.
 42059 | IceCv    | Mangled by a freezing wraith
 42060 | IceCv    | Reached XP level 13. HP: -6/63 MP: 28/38
 42435 | D:14     | Found Ycsiopla's Assorted Antiques.
 42443 | D:14     | Bought a wand of paralysis (5) for 62 gold pieces
 42969 | D:14     | Reached skill level 10 in Evocations
 42969 | D:14     | Reached XP level 14. HP: 67/67 MP: 30/30
 43026 | D:14     | Reached ****** piety under Vehumet
 43503 | D:14     | Offered knowledge of Orb of Destruction by Vehumet.
 43714 | D:14     | Found a gate to the Vaults.
 43888 | D:14     | Learned a level 7 spell: Orb of Destruction
 44007 | D:15     | Found Dauff's Gadget Gallery.
 44013 | D:15     | Bought a wand of digging (9) for 390 gold pieces
 44022 | D:15     | Found a staircase to the Depths.
 44022 | D:15     | Noticed a fire giant
 44033 | D:15     | Killed a fire giant
 45767 | D:13     | Found Ollov's Self-Improvement Boutique.
 45809 | D:11     | Killed bl3nd3r's ghost
 47760 | Snake:1  | Entered Level 1 of the Snake Pit
 48533 | Snake:1  | Reached skill level 5 in Earth Magic
 48909 | Snake:1  | Identified the +7 quarterstaff of Fuask {vorpal, Will+
                  | Dex+3}
 49296 | Snake:1  | Reached XP level 15. HP: 72/72 MP: 26/31
 51158 | Snake:2  | Offered knowledge of Conjure Ball Lightning by Vehumet.
 52618 | Snake:3  | Engulfed by a cloud of freezing vapour

Illustrated notes

Levels and vault maps discovered:
D:1:      heliophobic_arrival_battle_scene, layout_basic, serial_shops, shop
D:2:      layout_loops_cross, serial_shops, nicolae_shop_trees
D:3:      layout_basic, mainiacjoe_overflow_concentric_impassable,
          serial_rivers, chequers_serial_rivers_small_3,
          chequers_serial_rivers_large_a, chequers_serial_rivers_micro_c,
          chequers_serial_rivers_small_a, chequers_serial_rivers_micro_c,
          chequers_serial_rivers_small_b,
          dreamdust_ecumenical_altar_sealed_demon,
          minmay_randomly_rotated_circles
D:4:      layout_layer_cave, cheibriados_altar_2,
          mainiacjoe_overflow_surrounded_room, nicolae_tso_swordbearing_angel,
          temple_pool_b, serial_shops, shop, nicolae_stop_n_shop_2, uniq_ijyb
D:5:      layout_loops_ring, nicolae_overflow_crystal_walls,
          hangedman_glass_teeth
D:6:      layout_loops_cross, dancing_weapons_uskayaw,
          nicolae_ru_sacrificial_ziggurat
D:7:      layout_loops_ring, mainiacjoe_overflow_tiny_flanked,
          kiku_gazebo_pond_becter, lemuel_crystal_altar,
          gammafunk_ghost_gnarly_gnolls, kennysheep_generic_room_16
D:8:      layout_basic, old_standard_altar, enter_bailey_2,
          kennysheep_opposing_triangles
D:9:      layout_basic, elyvilon_altar_4, orc_0_dummy, uniq_psyche, uniq_pikel
D:10:     layout_big_octagon, mainiacjoe_overflow_cross_hatched,
          xom_butterflies, minmay_lair_entry_grove
D:11:     minmay_the_grid_triangle_9x9_recursive_2_mashed
          [minmay_the_grid_triangle_9x9_prize_top_heavy,
          minmay_the_grid_triangle_9x9_zippers_horizontal,
          minmay_the_grid_triangle_9x9_warning,
          minmay_the_grid_triangle_9x9_impossible_snake], layout_stronghold,
          ebering_ghost_rock_garden
D:12:     layout_gridville, grunt_decor_clamped
D:13:     layout_basic, ebering_ghost_inner_flame, special_room
          [special_room_orc], nicolae_wooded_promenade, nicolae_shop_self_help
D:14:     layout_cave_pools, grunt_vaults_entry_fortified,
          portal_ice_cave_entry_pillars_1, grunt_decor_fettered, serial_shops,
          nicolae_square_shop, special_room [special_room_orc]
D:15:     grunt_enter_depths_giant_problem, layout_stronghold,
          nicolae_shop_gadgets
Temple:   corrupted_temple
Lair:1:   layout_small_grid, minmay_lair_oklob_bushes, grunt_megastairs_1,
          serial_bayou_shore_a, uniq_fannar
Lair:2:   layout_regular_city, gammafunk_ghost_cemetery, grunt_megastairs_3
Lair:3:   layout_chaotic_city, nicolae_swamp_entry_splash_gauntlet,
          ebering_ghost_funeral_grove, beast_lair_carwin_10
Lair:4:   gammafunk_cloud_chamber, layout_regular_city,
          minmay_snake_entry_guardpost_small, lemuel_fruit_fields
Lair:5:   layout_gridlike, nicolae_lair_yak_garden, grunt_megastairs_4
Lair:6:   evil_forest, layout_regular_city, slime_dummy,
          infiniplex_staircase_pool_2, serial_bayou_shore_b
Snake:1:  layout_rooms, drop_trap, st_stairs_9, lemuel_fruit_tree
Snake:2:  layout_concentric_octagons
Snake:3:  layout_onion_interference, serial_shops, shop, special_room,
          uniq_mara, uniq_aizul
Orc:1:    nicolae_orc_accident_2, layout_caves
Orc:2:    st_orc_congregation, layout_diamond_mine, basic_altar,
          hellmonk_ghost_happy_afterlife

Skill      XL: |  1  2  3  4  5  6  7  8  9 10 11 12 13 14 15 |
---------------+----------------------------------------------+-----
Ice Magic      | 4 5 6 8 10 11 12 13 | 13.0
Fighting       | 1 2 3 4 7 9 10 12 | 12.0
Spellcasting   | 3 4 5 6 8 11 12 | 12.6
Dodging        | 3 4 6 8 |  8.0
Stealth        | 3 4 6 8 10 | 10.0
Unarmed Combat | 1 2 4 6 |  6.0
Evocations     | 2 4 6 8 10 9 | 10.5
Conjurations   | 4 7 8 10 11 12 13 | 13.5
Translocations | 1 4 |  4.0
Earth Magic    | 2 4 5 6 |  6.1
Air Magic      | 4 3 |  4.7

Action                   |  1- 3 |  4- 6 |  7- 9 | 10-12 | 13-15 || total
-------------------------+-------+-------+-------+-------+-------++-------
Melee: Unarmed           |    23 |    46 |    43 |   126 |    69 ||   307
       Bite              |     4 |     7 |    11 |    22 |     9 ||    53
       Punch             |       |     1 |     2 |     4 |     2 ||     9
 Cast: Freeze            |    44 |    49 |    36 |   113 |    19 ||   261
       Frozen Ramparts   |     2 |    15 |    21 |    73 |    21 ||   132
       Ozocubu's Armour  |     1 |     9 |    14 |    64 |    48 ||   136
       Hailstorm         |       |       |    38 |   188 |   378 ||   604
       Iskenderun's Myst |       |       |       |    54 |   206 ||   260
       Freezing Cloud    |       |       |       |       |   148 ||   148
       Blink             |       |       |       |       |     5 ||     5
       Iron Shot         |       |       |       |       |    24 ||    24
       Orb of Destructio |       |       |       |       |    14 ||    14
Evoke: Wand              |       |     1 |    10 |    23 |    23 ||    57
       Piece from Xom's  |       |       |       |     1 |       ||     1
  Use: Scroll            |     2 |     9 |     2 |    14 |     9 ||    36
       Potion            |       |     1 |       |     5 |     3 ||     9
 Stab: Sleeping          |     7 |     3 |     2 |    16 |    14 ||    42
       Paralysed         |       |     4 |       |       |     2 ||     6
       Petrified         |       |       |       |     1 |       ||     1
Armor: Skin              |     8 |     8 |    14 |    43 |    25 ||    98
Dodge: Dodged            |    62 |    78 |    59 |   238 |   213 ||   650

Table legend: (Time is in decaauts)
 A = Elapsed time spent in this place.
 B = Non-inter-level travel time spent in this place.
 C = Inter-level travel time spent in this place.
 D = Time resting spent in this place.
 E = Time spent auto-exploring this place.
 F = Levels seen in this place.
 G = Mean time per level.
                   A        B        C        D        E       F      G
               +--------+--------+--------+--------+--------+-----+--------+
         Total |  48335 |  45688 |   2647 |  16630 |  22388 |  29 | 1666.7 |
       Dungeon |  24159 |  22370 |   1789 |   6329 |  13138 |  15 | 1610.6 |
        Temple |     40 |     27 |     13 |      0 |     17 |   1 |   40.0 |
          Lair |  11447 |  10960 |    487 |   3296 |   6376 |   6 | 1907.8 |
     Snake Pit |   3940 |   3800 |    140 |   2021 |   1353 |   3 | 1313.3 |
  Orcish Mines |   4367 |   4150 |    217 |   1742 |   1383 |   2 | 2183.5 |
        Bailey |    770 |    770 |      0 |    665 |      0 |   1 |  770.0 |
      Ice Cave |   3609 |   3609 |      0 |   2574 |    120 |   1 | 3609.0 |
               +--------+--------+--------+--------+--------+-----+--------+

Top non-repeatable levels by time:
   IceCv: 3609 daAuts
   Orc:2: 3485 daAuts
    D:11: 2823 daAuts
 Snake:1: 2639 daAuts
     D:7: 2439 daAuts
  Lair:6: 2377 daAuts
  Lair:3: 2315 daAuts
  Lair:4: 2052 daAuts
    D:10: 1943 daAuts
     D:9: 1824 daAuts
     D:6: 1786 daAuts
    D:15: 1732 daAuts
    D:14: 1723 daAuts
  Lair:5: 1718 daAuts
     D:5: 1655 daAuts
